 Dungeon Sprint DCSS version 0.28-a0-1518-gbe868bca14 (webtiles) character file.

Game seed: 782854448360187363

163 mhtbhm the Skirmisher (level 5, -9/79 HPs)
             Began as a Minotaur Fighter on Jan 16, 2022.
             Was a Believer of Qazlal.
             Mangled by an orc warrior (20 damage)
             ... in the Dungeon (Sprint VII: "The Pits").
             The game lasted 00:00:38 (303 turns).

mhtbhm the Skirmisher (Minotaur Fighter)             Turns: 303, Time: 00:00:39

Health: -9/79      AC:  8    Str: 23    XL:     5   Next: 20%
Magic:  4/4        EV:  9    Int:  5    God:    Qazlal [**....]
Gold:   0          SH:  8    Dex:  9    Spells: 4/4 levels left

rFire   . . .      SeeInvis .   a - +2 hand axe
rCold   . . .      Faith    .   c - +0 buckler
rNeg    . . .      Spirit   .   b - +0 scale mail
rPois   .          Reflect  .   (helmet restricted)
rElec   .          Harm     .   (no cloak)
rCorr   .          Rampage  .   (no gloves)
Will    .....      NoTele   +   (no boots)
Stlth   ..........              (no amulet)
HPRegen 0.23/turn               (no ring)
MPRegen 0.09/turn               (no ring)

@: berserking (expiring), lethally poisoned (-9 -> -13), very quick
A: horns 2, retaliatory headbutt
a: Renounce Religion, Upheaval


You were in the Dungeon.
You worshipped Qazlal.
Qazlal was pleased with you.
You visited 1 branch

Inventory:

Hand Weapons
 a - a +2 hand axe (weapon)
Armour
 b - a +0 scale mail (worn)
 c - a +0 buckler (worn)
Scrolls
 j - a scroll of blinking
 l - 5 scrolls of amnesia
 m - a scroll of summoning
Potions
 d - a potion of might
 e - a potion of curing
 f - a potion of heal wounds
 g - a potion of haste
 h - 4 potions of magic
 i - 2 potions of berserk rage
 k - 2 potions of invisibility


   Skills:
 + Level 7.7 Fighting
 + Level 5.5 Axes
 + Level 7.6 Armour
 + Level 7.5 Shields


You had 4 spell levels left.
You didn't know any spells.
Your spell library was empty.

Dungeon Overview and Level Annotations

Branches:
Dungeon (1/1)

Altars:
Ashenzari
Cheibriados
Dithmenos
Elyvilon
Fedhas
Gozag
Hepliaklqana
Kikubaaqudgha
Makhleb
Nemelex Xobeh
Okawaru
Qazlal
Ru
Sif Muna
Trog
Uskayaw
Vehumet
Wu Jian
Xom
Yredelemnul
Zin
The Shining One
Beogh
Jiyva
Lugonu


Innate Abilities, Weirdness & Mutations

You have a pair of horns on your head.
You reflexively headbutt those who attack you in melee.


Message History

The orc priest invokes the aid of Beogh against you.
Beogh smites you! You block the scorpion's attack.
You hit the scorpion.
The scorpion is heavily wounded.
You barely miss the orc warrior.
You feel sick. The orc warrior barely misses you. The scorpion misses you.
You slash the scorpion!
You kill the scorpion!
Qazlal accepts your kill.
You hit the orc warrior but do no damage.
You slash the orc priest!
You feel sick.
The orc warrior hits you with a +0 battleaxe!
* * * LOW HITPOINT WARNING * * *
The orc priest miscasts a cantrip.
Your Fighting skill increases to level 7!
Your Axes skill increases to level 5!
Your Armour skill increases to level 7!
Your Shields skill increases to level 7!
You slash the orc priest!
You kill the orc priest!
Qazlal accepts your kill.
You closely miss the orc warrior. You barely miss the orc.
You feel sick. The orc warrior barely misses you.
You have reached level 5!
You slash the orc warrior!
You headbutt the orc warrior, but do no damage.
The orc warrior is moderately wounded.
You barely miss the orc.
You feel sick. The orc completely misses you.
You hit the orc warrior but do no damage.
Your headbutt misses the orc warrior.
The orc warrior is moderately wounded.
You slash the orc!
You kill the orc!
Qazlal accepts your kill.
You feel sick.
The orc warrior hits you with a +0 battleaxe!
* * * LOW HITPOINT WARNING * * *
You hit the orc warrior but do no damage.
The orc warrior is moderately wounded.
The orc warrior hits you with a +0 battleaxe!!
You die...

#.?(.))))'.##......#..#.
##########.##...........
#..........†'...........
#+#####)#####......#..#.
#.....##...........
#####)#####'#####++
#.....##.......#
#.....##.......#
###@####.......#
#.o)).##...<...#
........##.......#
#........##.......#
###########.......#
#########


You could see an orc warrior.

Vanquished Creatures
  2 scorpions (D)
  An orc priest (D)
  A gnoll (D)
  An orc (D)
  A goblin (D)
  A hobgoblin (D)
  A quokka (D)
  A ball python zombie (D)
  A rat (D)
10 creatures vanquished.

Notes
Turn   | Place    | Note
-------+----------+-------------------------------------------
     0 | D        | mhtbhm the Minotaur Fighter began the quest for the Orb.
     0 | D        | Reached XP level 1. HP: 19/19 MP: 0/0
    11 | D        | Noticed a scorpion
    17 | D        | Killed a scorpion
    18 | D        | Reached XP level 2. HP: 12/30 MP: 1/1
    18 | D        | Reached XP level 3. HP: 15/37 MP: 2/2
    22 | D        | Found a bloodstained altar of Trog.
    22 | D        | Found a shimmering blue altar of Sif Muna.
    22 | D        | Found a viscous altar of Jiyva.
    22 | D        | Found a hazy altar of Hepliaklqana.
    22 | D        | Found an opulent altar of Gozag.
    23 | D        | Found a glowing golden altar of the Shining One.
    23 | D        | Found a glowing silver altar of Zin.
    23 | D        | Found a basalt altar of Yredelemnul.
    23 | D        | Found a shimmering altar of Xom.
    23 | D        | Found an ornate altar of the Wu Jian Council.
    23 | D        | Found a sacrificial altar of Ru.
    23 | D        | Found a stormy altar of Qazlal.
    23 | D        | Found an iron altar of Okawaru.
    23 | D        | Found a sparkling altar of Nemelex Xobeh.
    23 | D        | Found a burning altar of Makhleb.
    23 | D        | Found a blossoming altar of Fedhas.
    23 | D        | Found a white marble altar of Elyvilon.
    23 | D        | Found a shadowy altar of Dithmenos.
    23 | D        | Found a snail-covered altar of Cheibriados.
    25 | D        | Found a radiant altar of Vehumet.
    25 | D        | Found a corrupted altar of Lugonu.
    26 | D        | Found a hide-covered altar of Uskayaw.
    26 | D        | Found an ancient bone altar of Kikubaaqudgha.
    26 | D        | Found a broken altar of Ashenzari.
    30 | D        | Became a worshipper of Qazlal Stormbringer
   208 | D        | Reached * piety under Qazlal
   209 | D        | Reached XP level 4. HP: 45/45 MP: 3/3
   287 | D        | Noticed a scorpion
   290 | D        | Noticed an orc warrior
   297 | D        | Reached ** piety under Qazlal
   299 | D        | Killed a scorpion
   300 | D        | Reached skill level 5 in Axes
   301 | D        | Reached XP level 5. HP: 21/53 MP: 4/4
   303 | D        | Mangled by an orc warrior

Illustrated notes

Levels and vault maps discovered:
D:        pitsprint [storerooms_1, entrance_room_1, metal_vault_5, armoury_3,
          mini_pit_1, grid_room_1, main_hall_1, silver_pit, the_coven_2,
          the_vestibule_1, steel_vault_5, golden_pit, hallway_of_sentries,
          crystal_vault_1, iron_vault_4, final_vault]

Skill      XL: |  1  2  3  4 |
---------------+-------------+-----
Fighting       | 6 7 |  7.7
Axes           | 4 5 |  5.5
Armour         | 6 7 |  7.6
Shields        | 6 7 |  7.5

Action                   |  1- 3 |  4- 6 || total
-------------------------+-------+-------++-------
Melee: War axe           |     5 |       ||     5
       Hand axe          |     5 |    12 ||    17
       Headbutt          |       |     2 ||     2
  Use: Potion            |       |     1 ||     1
Armor: Scale mail        |     4 |     3 ||     7
Dodge: Dodged            |     3 |     8 ||    11
Block: Buckler           |     2 |     3 ||     5

Table legend: (Time is in decaauts)
 A = Elapsed time spent in this place.
 B = Non-inter-level travel time spent in this place.
 C = Inter-level travel time spent in this place.
 D = Time resting spent in this place.
 E = Time spent auto-exploring this place.
 F = Levels seen in this place.
 G = Mean time per level.
                   A        B        C        D        E       F      G
               +--------+--------+--------+--------+--------+-----+--------+
         Total |    304 |    304 |      0 |    202 |      0 |   1 |  304.0 |
       Dungeon |    304 |    304 |      0 |    202 |      0 |   1 |  304.0 |
               +--------+--------+--------+--------+--------+-----+--------+

Top non-repeatable levels by time:
       D: 304 daAuts
